 Dungeon Crawl Stone Soup version 0.32-a0-391-gce5c0aab1b (webtiles) character file.

Game seed: 13321700349682073

1936 Goblin1989 the Spear-Bearer (level 9, -5/61 (64) HPs)
             Began as a Coglin Gladiator on Feb 19, 2024.
             Was an Initiate of Gozag.
             Slain by a wight
             ... wielding a +3 halberd
              (7 damage)
             ... on level 7 of the Dungeon.
             The game lasted 00:13:41 (5807 turns).

Goblin1989 the Spear-Bearer (Coglin Gladiator)      Turns: 5807, Time: 00:13:42

HP:   -5/61 (64)    AC: 14    Str: 19    XL:     9   Next: 17%
MP:   0/9           EV: 11    Int:  8    God:    Gozag
Gold: 432           SH:  0    Dex: 15    Spells: 8/8 levels left

rFire   . . .        a - +0 trident {Amenemopet}
rCold   . . .        L - +0 trident {Pancho}
rNeg    + . .        l - +0 scale mail
rPois   .            B - +2 helmet
rElec   .            (no cloak)
rCorr   .            i - +0 pair of gloves
SInv    .            (no boots)
Will    .....        r - amulet of guardian spirit Stlth
                     t - +4 ring of protection
HPRegen 0.30/turn    y - ring of positive energy
MPRegen 0.11/turn

%: guardian spirit
@: hasted, lightly drained, revving, very quick
A: off-hand wielding, slow wielding, warmup strikes, warmup strides
a: Renounce Religion, Potion Petition, Call Merchant, Bribe Branch


You were on level 7 of the Dungeon.
You worshipped Gozag.
Gozag was aware of your devotion.
You visited 2 branches of the dungeon, and saw 8 of its levels.

You collected 552 gold pieces.
You spent 44 gold pieces at shops.
You paid 76 gold pieces to Gozag.

Inventory:

Hand Weapons
 a - a +0 trident (weapon) {Amenemopet}
 G - the +6 short sword "Piajol" {holy, rElec}
   (You found it on level 6 of the Dungeon)

   rElec:     It insulates you from electricity.
 L - a +0 trident (worn) {Pancho}
Missiles
 e - a javelin
 E - a throwing net (quivered) {!d , @Q1}
Armour
 i - a +0 pair of gloves (worn)
 l - a +0 scale mail (worn)
 B - a +2 helmet (worn)
Jewellery
 r - an amulet of guardian spirit (around neck)
 t - a +4 ring of protection (left grasper)
 y - a ring of positive energy (right grasper)
Wands
 J - a wand of flame (11) {@v1}
Scrolls
 m - a scroll of poison
 n - a scroll of amnesia {unknown}
 p - 3 scrolls of immolation
 x - a scroll of blinking
 z - a scroll of teleportation {unknown}
 D - a scroll of noise {unknown}
 F - a scroll of brand weapon {unknown}
 I - a scroll of summoning {unknown}
Potions
 b - a potion of cancellation
 f - 2 potions of lignification
 g - 2 potions of berserk rage
 h - 3 potions of attraction
 k - a potion of resistance {@q5}
 o - 2 potions of curing {@q1}
 q - 3 potions of brilliance
 v - a potion of enlightenment {unknown}
 A - 4 potions of mutation {unknown}
 H - 2 potions of heal wounds {unknown}
 K - 2 potions of invisibility {unknown}


   Skills:
 + Level 3.4 Fighting
 * Level 10.1 Polearms
 - Level 1.7 Throwing
 + Level 2.3 Armour
 + Level 3.7 Dodging


You had 8 spell levels left.
You didn't know any spells.
Your spell library contained the following spells:

 Spells                   Type           Power      Damage    Failure   Level
 Call Imp                 Summ           0%         N/A       89%         2
 Cigotuvi's Dreadful Rot  Necr/Alch/Air  0%         N/A       89%         2
 Static Discharge         Conj/Air       0%         3-3/arc   89%         2
 Sublimation of Blood     Necr           0%         N/A       89%         2
 Gell's Gravitas          Tloc           0%         N/A       98%         3
 Stone Arrow              Conj/Erth      0%         3d7       98%         3
 Teleport Other           Tloc           0%         N/A       98%         3
 Tukima's Dance           Hex            0%         N/A       98%         3
 Anguish                  Hex/Necr       0%         N/A       100%        4
 Animate Armour           Summ/Erth      0%         N/A       100%        4
 Passage of Golubria      Tloc           0%         N/A       100%        4
 Vhi's Electric Charge    Tloc/Air       0%         N/A       100%        4
 Yara's Violent Unravell  Hex/Alch       0%         3d3       100%        5
 Conjure Ball Lightning   Conj/Air       0%         3x3d6     100%        6
 Dispersal                Tloc           0%         N/A       100%        6
 Summon Hydra             Summ           0%         N/A       100%        7
 Lehudib's Crystal Spear  Conj/Erth      0%         10d2      100%        8
 Maxwell's Capacitive Co  Air            0%         ∞         100%        8


Dungeon Overview and Level Annotations

Branches:
Dungeon (7/15) Zot: 26683  Temple (1/1) D:5 Zot: 5962

Altars:
Ashenzari
Cheibriados
Dithmenos
Elyvilon
Fedhas
Gozag
Hepliaklqana
Kikubaaqudgha
Makhleb
Nemelex Xobeh
Okawaru
Qazlal
Ru
Sif Muna
Trog
Uskayaw
Vehumet
Wu Jian
Xom
Yredelemnul
The Shining One

Shops:
D:4 ?

Annotations:
D:4 1 exclusion
Temple 2 transporters


Innate Abilities, Weirdness & Mutations

You can wield a second weapon in your off-hand.
It takes a long time for you to wield or remove held weapons.
Your first few attacks do less damage.
Your first movements take longer.


Message History

You reach to attack!
You hit the wight with your +0 trident.
You destroy the wight!
The wight is distracted by your dazzling golden aura.
You reach to attack!
You hit the wight with your +0 trident.
The wight is lightly damaged.
You hit the wight but do no damage. You hit the wight but do no damage.
The wight is lightly damaged.
You closely miss the wight with your +0 trident.
The wight is no longer distracted by gold.
You hit the wight with your +0 trident.
The wight is lightly damaged.
You hit the wight with your +0 trident. You hit the wight but do no damage.
The wight is moderately damaged.
You barely miss the wight with your +0 trident.
The wight closely misses you. x2
You closely miss the wight with your +0 trident.
The wight is moderately damaged.
You closely miss the wight with your +0 trident.
The wight closely misses you.
You completely miss the wight with your +0 trident.
The wight is moderately damaged.
You closely miss the wight with your +0 trident.
The wight is distracted by your dazzling golden aura.
The wight completely misses you.
The wight hits you with a +4 morningstar!
You take 10 damage, and have 39/63 hp.
You now have 4/9 mp.
You closely miss the wight with your +0 trident.
The wight is moderately damaged.
You hit the wight with your +0 trident. The wight completely misses you.
You closely miss the wight with your +0 trident.
The wight is moderately damaged.
You hit the wight with your +0 trident.
The wight hits you with a +4 morningstar!
* * * LOW HITPOINT WARNING * * *
You partially resist.
You feel drained.
* * * LOW HITPOINT WARNING * * *
The wight hits you from afar with a +3 halberd!
* * * LOW HITPOINT WARNING * * *
You are too injured to fight recklessly!
You are too injured to fight recklessly!
You are too injured to fight recklessly!
You are too injured to fight recklessly!
You take 23 damage, and have 16/61 hp.
MASSIVE DAMAGE!!
You now have 0/9 mp.
You are too injured to fight recklessly!
You are too injured to fight recklessly!
You are too injured to fight recklessly!
You are too injured to fight recklessly!
You are too injured to fight recklessly!
You are too injured to fight recklessly!
You are too injured to fight recklessly!
You are too injured to fight recklessly!
You are too injured to fight recklessly!
You are too injured to fight recklessly!
You are too injured to fight recklessly!
You are too injured to fight recklessly!
You are too injured to fight recklessly!
You are too injured to fight recklessly!
You are too injured to fight recklessly!
You are too injured to fight recklessly!
You are too injured to fight recklessly!
You are too injured to fight recklessly!
You are too injured to fight recklessly!
The air fills with toxic fumes!
As you read the scroll labelled XITEVA POEXZEO, it crumbles to dust.
It was a scroll of poison.
The wight hits you but does no damage. x2
Blink to where?
Press: ? - help, Dir - move target, p - wight
As you read the scroll labelled TAMEMEKAOD, it crumbles to dust.
It was a scroll of blinking.
You are engulfed in poison gas.
You are poisoned.
* * * LOW HITPOINT WARNING * * *
You feel very sick.
The wight is no longer distracted by gold.
You take 3 damage, and have 13/61 hp.
You feel better.
You are engulfed in poison gas.
You are poisoned.
* * * LOW HITPOINT WARNING * * *
x2 You feel very sick.
You take 2 damage, and have 11/61 hp.
* * * LOW HITPOINT WARNING * * *
You feel very sick. The wight closely misses you.
You take 5 damage, and have 6/61 hp.
You feel better. The wight barely misses you.
You regained 8 hp, and now have 14/61 hp.
As you read the scroll labelled OMEF SISHRIGILL, it crumbles to dust.
Your body is wracked with pain!
* * * LOW HITPOINT WARNING * * *
It was a scroll of torment.
The wight misses you. x2
You take 5 damage, and have 9/61 hp.
It was a potion of haste.
You feel yourself speed up.
The wight hits you from afar with a +3 halberd!
* * * LOW HITPOINT WARNING * * *
The wight misses you.
You take 7 damage, and have 2/61 hp.
You now have 0/9 mp.
The wight hits you from afar with a +3 halberd!
You die...
Your body crumbles into a pile of gold. ██.....█.███.██████.█....█ ██.███.█.█ █.█ █$█....█ ███ .<.█ █.█.█ ███ █.█....█ ... ██████.█.█ ███████○█....████ .zz

.....█>..████.....§§○...zz..█ ...
.....█..██......z.z☼█.███...██..?
........██......zz☼☼§"███...z....
....███.██..........█......█████.
....███.██......@..███...███
....∆.█.██.........█ █...█
....█.█.████████████ █.Ψ.█
....█.█.█ █..... ..█.█.█.█
███.... ..█.█.█.█ █.....
..█.█.█.█ █..... .██.█.. .██.███


You could see 4 wights.

Vanquished Creatures
  A water moccasin (D:7)
  An ice beast (D:5)
  A sky beast (D:6)
  2 black bears (D:4)
  2 ogres (D:4)
  2 scorpions
  5 wights
  2 jellies
  3 bombardier beetles
  A sleepcap (D:5)
  4 hounds
  3 iguanas
  10 orc wizards
  5 adders
  3 white imps
  2 ufetubi (D:7)
  4 ribbon worms
  2 dart slugs
  12 orcs
  5 bats
  13 endoplasms
  3 giant cockroaches
  8 goblins
  7 hobgoblins
  7 jackals
  8 kobolds
  3 quokkas
  10 ball pythons
  3 frilled lizards
  4 rats
136 creatures vanquished.

Notes
Turn   | Place    | Note
-------+----------+-------------------------------------------
     0 | D:1      | Goblin1989 the Coglin Gladiator began the quest for the
                  | Orb.
     0 | D:1      | Reached XP level 1. HP: 16/16 MP: 1/1
    53 | D:1      | Reached skill level 3 in Polearms
    58 | D:1      | Reached XP level 2. HP: 19/22 MP: 2/2
   252 | D:1      | Reached XP level 3. HP: 27/27 MP: 3/3
   373 | D:1      | Reached skill level 4 in Polearms
   535 | D:1      | Got Allic's Incunabulum of Thunder
   597 | D:1      | Reached XP level 4. HP: 33/33 MP: 4/4
  1254 | D:2      | Got the Cyclopedia of Entrancing Thunder
  1293 | D:2      | Reached skill level 5 in Polearms
  1324 | D:2      | Reached XP level 5. HP: 38/38 MP: 5/5
  2785 | D:4      | Noticed an ogre
  2861 | D:4      | Noticed a black bear
  2870 | D:4      | Killed a black bear
  2871 | D:4      | Reached skill level 6 in Polearms
  2871 | D:4      | Reached XP level 6. HP: 44/44 MP: 6/6
  3081 | D:4      | Reached skill level 7 in Polearms
  3081 | D:4      | Reached XP level 7. HP: 50/50 MP: 7/7
  3417 | D:4      | Reached skill level 8 in Polearms
  3531 | D:4      | Noticed a two-headed ogre
  3640 | D:4      | Reached XP level 8. HP: 38/56 MP: 8/8
  3707 | D:4      | Found The Oracle's Delphic Readings.
  3717 | D:4      | Bought a scroll of immolation for 44 gold pieces
  3773 | D:5      | Entered Level 5 of the Dungeon
  3892 | D:5      | Found a staircase to the Ecumenical Temple.
  3974 | Temple   | Found a transporter.
  3974 | Temple   | Found a transporter.
  3974 | Temple   | Found a transporter.
  3974 | Temple   | Found a transporter.
  3974 | Temple   | Entered the Ecumenical Temple
  3992 | Temple   | Became a worshipper of Gozag Ym Sagoz the Greedy
  4022 | D:5      | Reached skill level 9 in Polearms
  4302 | D:5      | Found an ornate altar of the Wu Jian Council.
  4360 | D:5      | Found a blossoming altar of Fedhas.
  4616 | D:5      | Reached skill level 1 in Armour
  4759 | D:6      | Identified the +6 short sword "Piajol" {holy, rElec}
  5422 | D:6      | Reached XP level 9. HP: 63/63 MP: 9/9
  5567 | D:7      | Reached skill level 10 in Polearms
  5806 | D:7      | HP: 2/61 [wight/+3 halberd (8)]
  5807 | D:7      | Slain by a wight

Illustrated notes

Levels and vault maps discovered:
D:1:      orjb1_clovarrival, layout_loops_ring,
          wander_ebering_terrifying_dragon_lair
D:2:      minmay_skewed_foursquare, layout_basic, uniq_crazy_yiuf_cottage
D:3:      layout_loops_ring, minmay_three_crescents
D:4:      minmay_chambers_of_fours, layout_basic, nicolae_nh_oracle_at_delphi
D:5:      layout_layer_cave, nicolae_wu_jian_wuxing_cycle,
          mainiacjoe_overflow_alcove_4, minmay_temple_entry_statues_pillars
D:6:      minmay_klotski, layout_basic
D:7:      layout_basic, grunt_ministairs_15,
          nicolae_shop_i_like_small_books_too, nicolae_elevator_lobby_asterisk,
          uniq_maggie
Temple:   hellmonk_temple_divided_pantheon

Skill      XL: |  1  2  3  4  5  6  7  8  9 |
---------------+----------------------------+-----
Polearms       | 3 4 5 6 7 8 9 10 | 10.1
Armour         | 1 2 |  2.3
Dodging        | 3 |  3.7
Fighting       | 3 |  3.4
Throwing       | |  1.7

Action                     |  1- 3 |  4- 6 |  7- 9 || total
---------------------------+-------+-------+-------++-------
  Melee: Trident           |    63 |   144 |   266 ||   473
         Spear             |       |    71 |   136 ||   207
  Throw: Throwing net      |       |     2 |     1 ||     3
    Use: Scroll            |       |       |    10 ||    10
         Potion            |       |       |     3 ||     3
   Stab: Sleeping          |     2 |     1 |       ||     3
         Held in net/web   |       |     3 |     2 ||     5
 Armour: Leather armour    |    13 |       |       ||    13
         Scale mail        |       |    69 |   102 ||   171
  Dodge: Dodged            |    31 |    44 |    65 ||   140

Table legend: (Time is in decaauts)
 A = Elapsed time spent in this place.
 B = Non-inter-level travel time spent in this place.
 C = Inter-level travel time spent in this place.
 D = Time resting spent in this place.
 E = Time spent auto-exploring this place.
 F = Levels seen in this place.
 G = Mean time per level.
                   A        B        C        D        E       F      G
               +--------+--------+--------+--------+--------+-----+--------+
         Total |   6006 |   5653 |    353 |    148 |   4397 |   8 |  750.8 |
       Dungeon |   5968 |   5615 |    353 |    148 |   4397 |   7 |  852.6 |
        Temple |     37 |     37 |      0 |      0 |      0 |   1 |   37.0 |
               +--------+--------+--------+--------+--------+-----+--------+

Top non-repeatable levels by time:
     D:2: 1359 daAuts
     D:4: 1010 daAuts
     D:5: 879 daAuts
     D:1: 839 daAuts
     D:6: 799 daAuts
     D:3: 765 daAuts
     D:7: 315 daAuts
  Temple: 37 daAuts
